 Dungeon Crawl Stone Soup version 0.26-a0-21-gf97e55dc39 (webtiles) character file.

Game seed: 7183669957501366324, levelgen mode: deterministic

1475 vurker the Thaumaturge (level 8, -6/46 HPs)
             Began as a Deep Elf Wizard on May 26, 2020.
             Was a Follower of Sif Muna.
             Shot with a sling bullet by Joseph (19 damage)
             ... on level 7 of the Dungeon.
             The game lasted 00:18:36 (8622 turns).

vurker the Thaumaturge (Deep Elf Wizard)            Turns: 8622, Time: 00:18:37

Health: -6/46      AC:  5    Str:  4    XL:     8   Next: 49%
Magic:  26/31      EV: 14    Int: 26    God:    Sif Muna [*.....]
Gold:   309        SH:  4    Dex: 13    Spells: 13/23 levels left

rFire    . . .     SeeInvis .   m - +1 dagger (venom)
rCold    . . .     Gourm    .   o - +0 buckler
rNeg     . . .     Faith    .   v - +0 robe (curse)
rPois    .         Spirit   .   b - +1 hat
rElec    .         Reflect  .   (no cloak)
rCorr    +         Harm     .   w - +1 pair of gloves
MR       .....                  (no boots)
Stlth    ++........             s - amulet of magic regeneration
HPRegen  0.15/turn              i - ring of resist corrosion
MPRegen  0.47/turn              l - ring of magical power

@: no status effects
A: no striking features
a: Channel Magic, Renounce Religion


You were on level 7 of the Dungeon.
You worshipped Sif Muna.
Sif Muna was aware of your devotion.
You were not hungry.

You visited 2 branches of the dungeon, and saw 8 of its levels.

You collected 337 gold pieces.
You spent 28 gold pieces at shops.

Inventory:

Hand Weapons
 m - a +1 dagger of venom (weapon)
   (You took it off a goblin on level 2 of the Dungeon)
Armour
 b - a +1 hat (worn)
 o - a +0 buckler (worn)
   (You found it on level 4 of the Dungeon)
 v - a cursed +0 robe (worn)
   (You found it on level 4 of the Dungeon)
 w - a +1 pair of gloves (worn)
   (You found it on level 5 of the Dungeon)
Jewellery
 i - a ring of resist corrosion (left hand)
   (You found it on level 2 of the Dungeon)
 l - a ring of magical power (right hand)
   (You found it on level 6 of the Dungeon)
 q - an uncursed amulet of regeneration {unknown}
   (You found it on level 5 of the Dungeon)
 s - an amulet of magic regeneration (around neck)
   (You took it off a goblin on level 3 of the Dungeon)
Wands
 a - a wand of enslavement (9)
   (You found it on level 4 of the Dungeon)
 c - a wand of polymorph (12)
   (You took it off Natasha on level 2 of the Dungeon)
 t - a wand of flame (15)
   (You took it off Sigmund on level 4 of the Dungeon)
 u - a wand of paralysis (8)
   (You found it on level 6 of the Dungeon)
 x - a wand of acid (7)
   (You found it on level 7 of the Dungeon)
Scrolls
 d - 5 scrolls of remove curse
 g - a scroll of immolation
 p - 2 scrolls of amnesia
 r - 3 scrolls of enchant armour
Potions
 f - a potion of magic {unknown}
 h - a potion of invisibility {unknown}
 j - a potion of curing
 k - 3 potions of haste
 n - 2 potions of ambrosia
 y - 2 potions of mutation
 z - a potion of flight {unknown}
 B - a potion of stabbing {unknown}
Comestibles
 e - 10 rations


   Skills:
 + Level 3.0 Fighting
 - Level 5.0 Dodging
 - Level 2.4 Stealth
 + Level 2.2 Shields
 * Level 8.4 Spellcasting
 * Level 5.6 Conjurations
 - Level 2.0 Summonings
 - Level 1.1 Translocations
 * Level 2.8 Fire Magic
 + Level 2.5 Invocations


You had 13 spell levels left.
You knew the following spells:

 Your Spells              Type           Power        Failure   Level  Hunger
a - Magic Dart            Conj           ####         1%          1    None
b - Call Imp              Summ           ###.....     4%          2    None
w - Blink                 Tloc           N/A          6%          2    None
z - Fireball              Conj/Fire      ####......   32%         5    ####...

Your spell library contained the following spells:

 Spells                   Type           Power        Failure   Level  Hunger
 Foxfire                  Conj/Fire      ####         1%          1    None
 Conjure Flame            Conj/Fire      ####....     3%          3    None
 Slow                     Hex            ##......     10%         2    None
 Mephitic Cloud           Conj/Pois/Air  ###.....     10%         3    None
 Inner Flame              Hex/Fire       ###.....     11%         3    None
 Sticky Flame             Conj/Fire      ####....     12%         4    ##.....


Dungeon Overview and Level Annotations

Branches:
Dungeon (7/15)             Temple (1/1) D:5

Altars:
Ashenzari
Cheibriados
Dithmenos
Elyvilon
Fedhas
Gozag
Hepliaklqana
Kikubaaqudgha
Makhleb
Nemelex Xobeh
Okawaru
Qazlal
Ru
Sif Muna
Trog
Uskayaw
Vehumet
Wu Jian
Xom
Yredelemnul
Zin
The Shining One

Shops:
D:4 ?

Annotations:
D:7 Joseph


Message History

Your white imp dies!
Aim: Joseph, wielding a +0 hunting sling, wearing a +4 ring mail and quivering 16 sling bullets (chance to defeat MR: 28%) Joseph easily resists.
Joseph shoots a sling bullet.
The sling bullet barely misses you.
A beastly little devil appears in a puff of frigid air.
A beastly little devil appears in a puff of flame.
A beastly little devil appears in a puff of frigid air.
Your white imp gestures at Joseph.
The puff of frost hits Joseph.
Your crimson imp hits Joseph but does no damage.
Joseph shoots a sling bullet.
The sling bullet hits your crimson imp!
Your crimson imp hits Joseph but does no damage.
What are your orders? t - Shout!
Orders for allies: a - Attack new target. p - Attack previous target. r - Retreat! s - Stop attacking. g - Guard the area. f - Follow me.
Anything else - Cancel.
Gang up on whom?
Aim: Joseph, wielding a +0 hunting sling, wearing a +4 ring mail and quivering 14 sling bullets Attack!
Joseph shoots a sling bullet.
The sling bullet misses your crimson imp.
The sling bullet hits you!!
Your crimson imp hits Joseph but does no damage.
You swap places.
Your white imp hits Joseph.
Your white imp freezes Joseph.
Joseph shoots a sling bullet.
The sling bullet hits your crimson imp!
Your crimson imp dies!
Your white imp closely misses Joseph.
Your white imp gestures at Joseph.
The puff of frost hits Joseph but does no damage.
Joseph shoots a sling bullet.
The sling bullet hits your white imp!
Your white imp dies!
Aim: Joseph, wielding a +0 hunting sling, wearing a +4 ring mail and quivering 11 sling bullets (lightly wounded, chance to defeat MR: 28%) Joseph easily resists.
Your white imp completely misses Joseph.
Joseph shoots a sling bullet.
The sling bullet hits you!
* * * LOW HITPOINT WARNING * * *
Unknown command.
Something barely misses your white imp.
Okay, then.
Okay, then.
Okay, then.
Okay, then.
A beastly little devil appears in a puff of flame.
Your white imp closely misses Joseph.
A beastly little devil appears in a puff of flame.
Joseph unwields a +0 quarterstaff.
Joseph wields a +0 hunting sling.
Joseph shoots a sling bullet.
The sling bullet misses your white imp. The sling bullet hits you!!
You die...

..# ...... ..# ##........# #. #.#
#.........# ##.. #.###.........#
#... #.##.[........# ##..#
#.##.........# ##(..###
#............# #......##
##...........# ##.....(.##
###.##..[..5(@# #.....).<(#..@
###.[..##.....5####........5@..#
##....#..###..5@###........@5..##
...#####..###..(((....@(.......#
.####.####......####......$.(.##
####....##.###### #........###
##......#.# #......#.(###
#.........## #...######..##
##.........## ##### ##..#


You could see Joseph, 2 friendly crimson imps and a friendly white imp
(summoned).

Vanquished Creatures
  Sigmund (D:4)
  Menkaure (D:5)
  A sky beast (D:5)
  An ogre (D:4)
  2 bullfrogs
  4 killer bees (D:7)
  A crimson imp (D:6)
  An orc priest (D:5)
  A centaur skeleton (D:5)
  Natasha (D:2)
  3 worker ants
  A worker ant zombie (D:6)
  A gnoll (D:4)
  4 adders
  2 shadow imps
  2 oozes
  5 worms
  3 dart slugs
  6 leopard geckos
  11 orcs
  6 bats
  4 giant cockroaches
  9 hobgoblins
  3 quokkas (D:5)
  8 goblins
  10 kobolds
  A leopard gecko skeleton (D:4)
  2 rats (D:1)
95 creatures vanquished.

Vanquished Creatures (collateral kills)
  A hippogriff (D:7)
  A hungry ghost (D:7)
  An orc warrior (D:5)
  2 ogres
  A bullfrog (D:6)
  A killer bee (D:7)
  A quasit (D:7)
  Natasha (twice) (D:2)
  2 worker ants
  3 adders
  2 gnolls (D:4)
  An ooze (D:2)
  3 worms
  3 orcs
  A hobgoblin (D:2)
25 creatures vanquished.

Grand Total: 120 creatures vanquished

Notes
Turn   | Place    | Note
-------+----------+-------------------------------------------
     0 | D:1      | vurker the Deep Elf Wizard began the quest for the Orb.
     0 | D:1      | Reached XP level 1. HP: 10/10 MP: 7/7
   217 | D:1      | Reached XP level 2. HP: 16/16 MP: 5/9
   221 | D:1      | Learned a level 2 spell: Call Imp
   807 | D:2      | Noticed Natasha
   811 | D:2      | Noticed a crimson imp
   814 | D:2      | Killed Natasha
   814 | D:2      | Reached skill level 5 in Spellcasting
   814 | D:2      | Reached XP level 3. HP: 20/20 MP: 3/11
  1175 | D:2      | Reached skill level 1 in Fighting
  1518 | D:2      | Reached XP level 4. HP: 25/25 MP: 9/13
  1621 | D:2      | Learned a level 2 spell: Blink
  1773 | D:2      | Noticed Natasha
  1797 | D:2      | Killed Natasha
  2559 | D:2      | Noticed Natasha
  2563 | D:2      | Killed Natasha
  3506 | D:3      | Reached XP level 5. HP: 29/29 MP: 13/15
  4047 | D:3      | Reached skill level 6 in Spellcasting
  4116 | D:4      | Noticed Sigmund
  4128 | D:4      | Killed Sigmund
  4135 | D:4      | Reached XP level 6. HP: 35/35 MP: 6/17
  4229 | D:4      | Found Konuerro's Magic Scroll Boutique.
  4443 | D:4      | Bought a scroll of identify for 28 gold pieces
  4874 | D:5      | Entered Level 5 of the Dungeon
  4946 | D:5      | Found a staircase to the Ecumenical Temple.
  4970 | Temple   | Entered the Ecumenical Temple
  5070 | Temple   | Became a worshipper of Sif Muna the Loreminder
  5342 | D:5      | Noticed a sky beast
  5350 | D:5      | Killed a sky beast
  5350 | D:5      | Reached skill level 1 in Shields
  5350 | D:5      | Reached skill level 7 in Spellcasting
  5356 | D:5      | Reached XP level 7. HP: 20/40 MP: 16/19
  5676 | D:5      | Reached skill level 1 in Invocations
  5692 | D:5      | Noticed Menkaure
  5703 | D:5      | HP: 2/40 [Menkaure (19)]
  5705 | D:5      | Killed Menkaure
  6459 | D:6      | Learned a level 5 spell: Fireball
  6901 | D:6      | Reached skill level 1 in Fire Magic
  7364 | D:6      | Found a glowing silver altar of Zin.
  7514 | D:7      | Noticed Joseph
  7708 | D:7      | Noticed a hungry ghost
  7748 | D:7      | Killed a hungry ghost
  7748 | D:7      | Reached skill level 5 in Conjurations
  7748 | D:7      | Reached XP level 8. HP: 45/45 MP: 21/21
  7862 | D:7      | Reached * piety under Sif Muna
  7927 | D:7      | Reached skill level 8 in Spellcasting
  7996 | D:7      | Noticed a hippogriff
  8043 | D:7      | Killed a hippogriff
  8335 | D:7      | Reached skill level 5 in Dodging
  8622 | D:7      | Shot with a sling bullet by Joseph

Illustrated notes

Levels and vault maps discovered:
D:1:      roderic_dead_forest, layout_rooms, serial_forest,
          infiniplex_forest_clump_small, infiniplex_forest_lined_ring,
          infiniplex_forest_fountain, infiniplex_forest_clump_double,
          infiniplex_forest_lined_room_3, infiniplex_forest_lined_3,
          infiniplex_forest_corner_1, infiniplex_forest_straight_1
D:2:      layout_loops_ring, grunt_ministairs_12, uniq_natasha
D:3:      layout_loops_ring, first_ration
D:4:      layout_basic, serial_shops, shop, uniq_sigmund
D:5:      layout_basic, minmay_temple_entry_junction, uniq_menkaure
D:6:      layout_basic, marbit_many_paths
D:7:      layout_cave_pods, uniq_harold, uniq_joseph
Temple:   kilobyte_greek_temple

Skill      XL: |  1  2  3  4  5  6  7  8 |
---------------+-------------------------+-----
Spellcasting   | 5 6 7 8 |  8.4
Fighting       | 1 2 3 |  3.0
Summonings     | 2 |  2.0
Conjurations   | 2 3 4 5 |  5.6
Dodging        | 3 4 5 |  5.0
Shields        | 1 2 |  2.2
Invocations    | 1 2 |  2.5
Fire Magic     | 1 2 |  2.8
Stealth        | |  2.4
Translocations | |  1.1

Action                   |  1- 3 |  4- 6 |  7- 9 || total
-------------------------+-------+-------+-------++-------
Melee: Whip              |     3 |       |       ||     3
       Dagger            |       |    21 |    45 ||    66
 Cast: Magic Dart        |    62 |   143 |    98 ||   303
       Call Imp          |    15 |    24 |    72 ||   111
       Blink             |       |     1 |     1 ||     2
Evoke: Wand              |       |       |     2 ||     2
  Use: Scroll            |       |     8 |     4 ||    12
       Potion            |       |       |     3 ||     3
 Stab: Distracted        |       |       |     1 ||     1
  Eat: Chunk             |     2 |     8 |     6 ||    16
       Ration            |       |     1 |     1 ||     2
Armor: Robe              |     3 |     1 |     7 ||    11
       Skin              |       |       |    60 ||    60
Dodge: Dodged            |     7 |    30 |    47 ||    84
Block: Buckler           |       |     2 |    14 ||    16

Table legend:
 A = Non-vault XP
 B = Vault XP
 C = Vault XP percentage of total XP
 D = Non-vault monster count
 E = Vault monster count
 F = Vault count percentage of total count
                 A         B        C        D         E       F
            +---------+---------+-------+---------+---------+-------
      Total |    1763 |     345 |  16.4 |     115 |       5 |   4.2
            +---------+---------+-------+---------+---------+-------
        D:1 |      29 |       0 |   0.0 |      14 |       0 |   0.0
        D:2 |     115 |      23 |  16.7 |      26 |       2 |   7.1
        D:3 |      75 |       0 |   0.0 |      23 |       0 |   0.0
        D:4 |     204 |     114 |  35.8 |       8 |       1 |  11.1
        D:5 |     328 |     208 |  38.8 |      16 |       2 |  11.1
        D:6 |     251 |       0 |   0.0 |       7 |       0 |   0.0
        D:7 |     761 |       0 |   0.0 |      21 |       0 |   0.0
            +---------+---------+-------+---------+---------+-------
